 Dungeon Crawl Stone Soup version 0.30-a0-250-g41c1d76940 (webtiles) character file.

Game seed: 17981335466040991274

139 Hubris850 the Grave Robber (level 5, 0/38 HPs)
             Began as a Hill Orc Necromancer on Oct 12, 2022.
             Slain by an orc priest
             ... wielding a +0 club
              (3 damage)
             ... on level 2 of the Dungeon.
             The game lasted 00:05:51 (1113 turns).

Hubris850 the Grave Robber (Hill Orc Necromancer)   Turns: 1113, Time: 00:05:52

Health: 0/38       AC: 12    Str: 13    XL:     5   Next: 22%
Magic:  2/8        EV: 13    Int: 15    God:
Gold:   123        SH:  0    Dex: 11    Spells: 7/8 levels left

rFire   . . .      SeeInvis .    g - +0 whip
rCold   . . .      Faith    +    (no shield)
rNeg    . . .      Spirit   .    e - +4 scale mail
rPois   .          Reflect  .    (no helmet)
rElec   .          Harm     .    t - +0 cloak
rCorr   .          Rampage  .    (no gloves)
Will    .....                    d - +0 pair of boots
Stlth   ..........               c - amulet of faith
HPRegen 0.26/turn                i - +4 ring of evasion
MPRegen 0.11/turn                (no ring)

@: mighty
A: no striking features
a: Convert to Beogh


You were on level 2 of the Dungeon.
You visited 1 branch of the dungeon, and saw 2 of its levels.

You collected 123 gold pieces.

Inventory:

Hand Weapons
 g - a +0 whip (weapon)
Armour
 a - a +0 robe
 d - a +0 pair of boots (worn)
 e - a +4 scale mail (worn)
 t - a +0 cloak (worn)
Magical Staves
 m - a staff of fire
Jewellery
 c - an amulet of faith (around neck)
 i - a +4 ring of evasion (left hand)
Scrolls
 f - a scroll of noise {unknown}
 j - 5 scrolls of teleportation {unknown}
 k - a scroll of blinking {unknown}
 n - a scroll of enchant armour {unknown}
 p - a scroll of vulnerability {unknown}
 q - a scroll of butterflies {unknown}
Potions
 b - a potion of magic
 h - a potion of attraction
 o - 2 potions of mutation {unknown}
 r - a potion of curing {unknown}
 s - 2 potions of heal wounds {unknown}


   Skills:
 + Level 2.3 Armour
 + Level 2.5 Dodging
 - Level 1.5 Stealth
 + Level 2.4 Spellcasting
 + Level 4.6 Necromancy


You had 7 spell levels left.
You knew the following spells:

 Your Spells              Type           Power      Damage    Failure   Level
a - Necrotise             Necr           60%        1d7       14%         1

Your spell library contained the following spells:

 Spells                   Type           Power      Damage    Failure   Level
 Vampiric Draining        Necr           15%        2d7       41%         3
 Freeze                   Ice            4%         1d3       69%         1
 Animate Dead             Necr           15%        N/A       82%         4
 Frozen Ramparts          Ice            2%         1d1       96%         3
 Hailstorm                Conj/Ice       1%         3d3       96%         3
 Portal Projectile        Hex/Tloc       2%         N/A       96%         3
 Tukima's Dance           Hex            1%         N/A       96%         3
 Agony                    Necr           15%        N/A       99%         5
 Blade Hands              Tmut           0%         N/A       100%        5


Dungeon Overview and Level Annotations

Branches:
Dungeon (2/15)

Altars:


Message History

The orc priest hits you but does no damage.
The orc priest misses you.
You barely miss the orc priest.
The orc priest is almost dead.
The orc priest barely misses you.
Your orc priest skeleton barely misses the orc priest.
The orc priest hits you with a +0 club.
You closely miss the orc priest.
The orc priest is almost dead.
The orc priest shouts, "Join the one true god or die!"
The orc priest begins to cast a cantrip, but forgets the words!
Your orc priest skeleton hits the orc priest but does no damage.
The orc priest hits you but does no damage.
The orc priest shouts, "Beogh is our master!
Accept the truth or die!"
You closely miss the orc priest.
The orc priest is almost dead.
The orc priest invokes the aid of Beogh against you.
Beogh smites you!
Ouch! That really hurt!
* * * LOW HITPOINT WARNING * * *
The orc priest closely misses you.
Your orc priest skeleton hits the orc priest.
You feel very mighty all of a sudden. The orc priest completely misses you.
The orc priest hits your orc priest skeleton with a +0 club.
Your orc priest skeleton barely misses the orc priest.
You barely miss the orc priest.
The orc priest is almost dead.
The orc priest hits you but does no damage.
The orc priest hits you with a +0 club.
* * * LOW HITPOINT WARNING * * *
Something hits your orc priest skeleton.
Your orc priest skeleton hits the orc priest.
The orc priest dies!
You have reached level 5!
You feel stronger.
You whack the orc priest!
The orc priest is severely wounded.
The orc priest hits you with a +0 club.
You die... ######......(......# ##.# #.. ooo

##...........)#
#.# ### ..o
#...<..).....#
#.# ##. ...
#............#
#.###..
#............#
#.....#
#............#
#.#####
#........{...#
#.#
#........)Z..##
##)#
#..######o@...#
#..# #..
#.....# #.##
#.....######.#
#............#
#.....########
#.....# #.....#
#.....# #######


You could see an orc priest (ally target) and a friendly orc priest skeleton.

Vanquished Creatures
  An orc priest (D:2)
  Terence (D:2)
  An adder (D:2)
  A worm (D:2)
  A dart slug (D:1)
  An orc (D:2)
  4 ball pythons (D:1)
  5 endoplasms
  3 giant cockroaches
  5 goblins
  2 hobgoblins (D:2)
  3 jackals (D:1)
  A quokka (D:1)
  A bat (D:1)
  A frilled lizard (D:1)
  3 kobolds
  2 rats (D:1)
36 creatures vanquished.

Vanquished Creatures (collateral kills)
  An orc priest (D:2)
  An endoplasm (D:1)
  A ball python (D:1)
  A rat (D:2)
4 creatures vanquished.

Grand Total: 40 creatures vanquished

Notes
Turn   | Place    | Note
-------+----------+-------------------------------------------
     0 | D:1      | Hubris850 the Hill Orc Necromancer began the quest for the
                  | Orb.
     0 | D:1      | Reached XP level 1. HP: 14/14 MP: 3/3
   108 | D:1      | Reached XP level 2. HP: 20/20 MP: 1/4
   194 | D:1      | Reached skill level 1 in Armour
   403 | D:1      | Reached XP level 3. HP: 26/26 MP: 5/5
   839 | D:2      | Noticed Terence
   852 | D:2      | Killed Terence
   856 | D:2      | Reached XP level 4. HP: 33/33 MP: 7/7
  1113 | D:2      | Reached XP level 5. HP: 2/38 MP: 1/8
  1113 | D:2      | Slain by an orc priest

Illustrated notes

Levels and vault maps discovered:
D:1:      dpeg_arrival_shrine, layout_rooms, grunt_decor_resistance,
          minmay_misc_feat_nine_boxes
D:2:      cheibrodos_pilgrimage, layout_rooms, chequers_serial_rivers_micro_a,
          uniq_terence

Skill      XL: |  1  2  3  4 |
---------------+-------------+-----
Armour         | 1 2 |  2.3
Dodging        | 2 |  2.5
Spellcasting   | 2 |  2.4
Stealth        | |  1.5
Necromancy     | |  4.6

Action                   |  1- 3 |  4- 6 || total
-------------------------+-------+-------++-------
Melee: Whip              |    83 |    43 ||   126
       Punch             |     1 |       ||     1
 Cast: Necrotise         |     9 |    13 ||    22
  Use: Potion            |     3 |     1 ||     4
Armor: Scale mail        |    39 |    29 ||    68
Dodge: Dodged            |    53 |    37 ||    90

Table legend: (Time is in decaauts)
 A = Elapsed time spent in this place.
 B = Non-inter-level travel time spent in this place.
 C = Inter-level travel time spent in this place.
 D = Time resting spent in this place.
 E = Time spent auto-exploring this place.
 F = Levels seen in this place.
 G = Mean time per level.
                   A        B        C        D        E       F      G
               +--------+--------+--------+--------+--------+-----+--------+
         Total |   1128 |   1081 |     47 |      0 |    576 |   2 |  564.0 |
       Dungeon |   1128 |   1081 |     47 |      0 |    576 |   2 |  564.0 |
               +--------+--------+--------+--------+--------+-----+--------+

Top non-repeatable levels by time:
     D:1: 853 daAuts
     D:2: 274 daAuts
